 Dungeon Crawl Stone Soup version 0.29.1-15-g9cfb28693d (webtiles) character file.

Game seed: 9406469962843981541

101 BuddhaDhamma the Chopper (level 4, -5/39 HPs)
             Began as a Minotaur Berserker on Mar 20, 2023.
             Was a Believer of Trog.
             Slain by a gnoll
             ... wielding a +0 spear
              (7 damage)
             ... on level 3 of the Dungeon.
             The game lasted 00:02:45 (2524 turns).

BuddhaDhamma the Chopper (Minotaur Berserker)       Turns: 2524, Time: 00:02:45

Health: -5/39      AC:  2    Str: 24    XL:     4   Next: 48%
Magic:  3/3        EV: 12    Int:  4    God:    Trog [**....]
Gold:   94         SH:  0    Dex:  9    Spells: 3/3 levels left

rFire   . . .      SeeInvis .   a - +0 hand axe
rCold   . . .      Faith    .   (no shield)
rNeg    . . .      Spirit   .   b - +0 animal skin
rPois   .          Reflect  .   (helmet restricted)
rElec   .          Harm     .   (no cloak)
rCorr   .          Rampage  .   (no gloves)
Will    .....                   (no boots)
Stlth   +.........              (no amulet)
HPRegen 0.13/turn               (no ring)
MPRegen 0.08/turn               (no ring)

@: no status effects
A: horns 2, retaliatory headbutt
a: Renounce Religion, Berserk, Trog's Hand


You were on level 3 of the Dungeon.
You worshipped Trog.
Trog was pleased with you.
You visited 1 branch of the dungeon, and saw 3 of its levels.

You collected 94 gold pieces.

Inventory:

Hand Weapons
 a - a +0 hand axe (weapon)
Armour
 b - a +0 animal skin (worn)
Scrolls
 c - 2 scrolls of immolation {unknown}
 d - a scroll of poison {unknown}
 e - a scroll of identify {unknown}
 g - a scroll of brand weapon {unknown}
 h - a scroll of fear {unknown}
 i - a scroll of blinking {unknown}
Potions
 f - 3 potions of mutation {unknown}
 j - a potion of degeneration {unknown}
 k - a potion of curing {unknown}
 l - a potion of flight {unknown}
 m - 2 potions of resistance {unknown}
 n - a potion of lignification {unknown}


   Skills:
 - Level 3.6 Fighting
 + Level 6.4 Axes
 - Level 2.4 Armour
 - Level 2.1 Dodging


You had 3 spell levels left.
You didn't know any spells.
Your spell library was empty.

Dungeon Overview and Level Annotations

Branches:
Dungeon (3/15)

Altars:


Innate Abilities, Weirdness & Mutations

You have a pair of horns on your head.
You reflexively headbutt those who attack you in melee.


Message History

a +0 dagger; a +0 robe; an orc corpse You start resting.
HP restored.
There is a stone staircase leading down here.
A gnoll comes into view. It is wielding a +0 spear.
The gnoll shouts!
You hear a shout! x3
A gnoll comes into view. It is wielding a +0 spear. x2
The gnoll shouts!
An adder comes into view.
The adder hisses angrily.
You hit the adder.
The adder is lightly wounded.
The adder bites you but does no damage.
The gnoll hits you from afar with a +0 spear.
You closely miss the adder.
The adder is lightly wounded.
The adder bites you. x2
The gnoll hits you from afar with a +0 spear.
You are too injured to fight recklessly!
You are too injured to fight recklessly!
You hit the adder but do no damage.
The adder is lightly wounded.
The adder closely misses you. You furiously retaliate!
You headbutt the adder!
You kill the adder!
Trog accepts your kill.
The gnoll hits you from afar with a +0 spear.
The gnoll hits you with a +0 spear!
The gnoll hits you from afar with a +0 spear.
* * * LOW HITPOINT WARNING * * *
The gnoll hits you from afar with a +0 spear.
* * * LOW HITPOINT WARNING * * *
A kobold comes into view.
It is wielding a +0 whip and quivering poisoned darts.
The gnoll hits you with a +0 spear.
* * * LOW HITPOINT WARNING * * *
The gnoll hits you from afar with a +0 spear.
* * * LOW HITPOINT WARNING * * *
You barely miss the gnoll. The gnoll hits you with a +0 spear.
* * * LOW HITPOINT WARNING * * *
The gnoll hits you from afar with a +0 spear!
You die...

.... #...#........ .. . ##
##...#.###(... g .# .
#............. g# .#.
#....#.##.)... ##. ..###
#............. #.. #g#.#
###....##..#>## #?##..#
#.......#..).##
#..g.#####.#.....#.####.
#..#.##gg@...####..#.###..
#. ##.#..##### ####.#....
.. #....##...# #.#.#.# ##
#..##.# .#.# ..#.#.# . #..
.# # ###.#.. ..##.# #.#.#
##. .# #####.#.# ..
#.......# .. ##.###.###


You could see 3 gnolls.

Vanquished Creatures
  An orc wizard (D:3)
  2 adders
  2 worms (D:2)
  A dart slug (D:1)
  2 orcs (D:3)
  7 ball pythons
  2 endoplasms (D:2)
  3 giant cockroaches
  4 goblins
  3 hobgoblins
  4 jackals (D:2)
  2 quokkas (D:2)
  3 bats
  4 frilled lizards
  4 kobolds
  5 rats
49 creatures vanquished.

Notes
Turn   | Place    | Note
-------+----------+-------------------------------------------
     0 | D:1      | BuddhaDhamma the Minotaur Berserker began the quest for the
                  | Orb.
     0 | D:1      | Reached XP level 1. HP: 19/19 MP: 0/0
   111 | D:1      | Reached skill level 4 in Axes
   315 | D:1      | Reached XP level 2. HP: 26/26 MP: 1/1
   847 | D:2      | Reached skill level 5 in Axes
   926 | D:2      | Reached XP level 3. HP: 31/31 MP: 2/2
  1345 | D:2      | Reached ** piety under Trog
  2180 | D:3      | Reached skill level 6 in Axes
  2180 | D:3      | Reached XP level 4. HP: 34/39 MP: 3/3
  2524 | D:3      | Slain by a gnoll

Illustrated notes

Levels and vault maps discovered:
D:1:      wander_arrival_abandoned_jail, layout_loops_ring
D:2:      layout_basic
D:3:      minmay_door_path, layout_basic,
          dreamdust_ecumenical_altar_drowned_temple, nicolae_eternal_life

Skill      XL: |  1  2  3 |
---------------+----------+-----
Axes           | 4 5 6 |  6.4
Fighting       | |  3.6
Armour         | |  2.4
Dodging        | |  2.1

Action                   |  1- 3 |  4- 6 || total
-------------------------+-------+-------++-------
Melee: Hand axe          |   102 |    14 ||   116
       Headbutt          |    15 |       ||    15
       Punch             |     1 |       ||     1
Armor: Animal skin       |    12 |     5 ||    17
Dodge: Dodged            |    68 |     3 ||    71
